 Dungeon Crawl Stone Soup version 0.31-a0-986-g5e6e4ef867 (webtiles) character file.

Game seed: 13543279492921790686

118 Vomitron the Slasher (level 4, -3/34 HPs)
             Began as a Demonspawn Gladiator on Nov 4, 2023.
             Was an Initiate of Makhleb.
             Killed by nerve-wracking pain
             ... invoked by an orc priest
              (4 damage)
             ... on level 4 of the Dungeon.
             The game lasted 00:03:11 (2629 turns).

Vomitron the Slasher (Demonspawn Gladiator)         Turns: 2629, Time: 00:03:12

Health: -3/34      AC:  6    Str: 14    XL:     4   Next: 72%
Magic:  5/5        EV: 13    Int: 10    God:    Makhleb [......]
Gold:   141        SH:  0    Dex: 16    Spells: 3/3 levels left

rFire   . . .        a - +0 long sword
rCold   . . .        (no shield)
rNeg    . . .        b - +0 leather armour
rPois   .            c - +0 helmet
rElec   .            (no cloak)
rCorr   .            (no gloves)
SInv    .            (no boots)
Will    .....        (no amulet)
Stlth   +            (no ring)
HPRegen 0.25/turn    (no ring)
MPRegen 0.09/turn

%: no passive effects
@: no status effects
A: claws 1, yellow scales 1
a: Renounce Religion


You were on level 4 of the Dungeon.
You worshipped Makhleb.
Makhleb was noncommittal.
You visited 1 branch of the dungeon, and saw 4 of its levels.

You collected 141 gold pieces.

Inventory:

Hand Weapons
 a - a +0 long sword (weapon)
Missiles
 d - 4 throwing nets (quivered)
 e - a javelin
Armour
 b - a +0 leather armour (worn)
 c - a +0 helmet (worn)
 r - a +0 ring mail
Jewellery
 h - a ring of magical power
Scrolls
 f - 3 scrolls of amnesia {unknown}
 i - 2 scrolls of fear {unknown}
 j - 4 scrolls of identify {unknown}
 l - a scroll of noise {unknown}
 m - a scroll of blinking {unknown}
 n - a scroll of revelation {unknown}
 o - 2 scrolls of vulnerability {unknown}
 q - a scroll of enchant weapon {unknown}
Potions
 g - a potion of heal wounds {unknown}
 k - a potion of brilliance {unknown}
 p - a potion of curing {unknown}
 s - a potion of enlightenment {unknown}


   Skills:
 + Level 2.9 Fighting
 * Level 3.9 Long Blades
 - Level 1.7 Throwing
 + Level 3.3 Dodging
 + Level 1.4 Invocations


You had 3 spell levels left.
You didn't know any spells.
Your spell library contained the following spells:

 Spells                   Type           Power      Damage    Failure   Level
 Cigotuvi's Dreadful Rot  Necr/Pois/Air  0%         N/A       58%         2
 Dispel Undead            Necr           0%         3d6       99%         4
 Death Channel            Necr           0%         N/A       100%        6


Dungeon Overview and Level Annotations

Branches:
Dungeon (4/15)
 Temple: D:4-7

Altars:
Makhleb
Okawaru

Shops:
D:3 (


Innate Abilities, Weirdness & Mutations

You have sharp fingernails.
You are partially covered in yellow scales. (AC +2)


Message History

You climb downwards.
The orc priest mumbles some strange prayers to Beogh against you.
Pain shoots through your body! The orc hits you with a +0 falchion.
There is a stone staircase leading up here.
You hit the orc.
The orc is severely wounded.
The orc closely misses you. The orc barely misses you.
The orc barely misses you.
You climb upwards.
There is a stone staircase leading down, spattered with blood here.
Unknown command.
You hit the orc.
You kill the orc!
Makhleb accepts your kill.
No target in view!
No target in view!
You start resting.
HP restored.
You climb downwards.
There is a stone staircase leading up here.
The orc priest hits you with a +0 short sword.
You hit the orc priest but do no damage.
The orc priest invokes the aid of Beogh against you.
Beogh smites you! The orc priest barely misses you.
You are too injured to fight recklessly!
You are too injured to fight recklessly!
Unknown command.
You closely miss the orc priest. The orc priest barely misses you.
You hit the orc priest but do no damage.
The orc priest hits you with a +0 short sword.
Unknown command.
You barely miss the orc priest.
The orc priest calls down the wrath of Beogh upon you.
Pain shoots through your body!
* * * LOW HITPOINT WARNING * * *
You hit the orc priest.
The orc priest is moderately wounded.
The orc priest calls down the wrath of Beogh upon you.
Pain shoots through your body!
You die...

##.####.##.......#.#
#.##.#
........##......^#.#
#.##.#
.........#.......#.#
#.##.#
........†'....>..#.#
#.##.#
##.#.#.###.......#.#
#.##.#
#.#.#.###.......#.###.##.#
#.#................(...#.#
.......####.#..<.........#
# #......
.......@#.######.###.#
.###.
..###...o............#.#
.... #.#...##...#.......#
... ........#...#.#####.#
.. ###.#...(#.).#.#####.
#.#.......$......... #
##...#...#.#####.#
..............
.##.#.##".#.###


You could see an orc priest.

Vanquished Creatures
  An orc priest (D:4)
  Robin (D:3)
  An adder (D:4)
  2 worms
  2 dart slugs (D:1)
  3 orcs
  An endoplasm (D:4)
  2 giant cockroaches
  12 goblins
  6 hobgoblins
  6 jackals (D:2)
  5 kobolds
  2 quokkas (D:1)
  3 ball pythons
  2 bats (D:1)
  A frilled lizard (D:1)
  A rat (D:3)
51 creatures vanquished.

Notes
Turn   | Place    | Note
-------+----------+-------------------------------------------
     0 | D:1      | Vomitron the Demonspawn Gladiator began the quest for the
                  | Orb.
     0 | D:1      | Reached XP level 1. HP: 16/16 MP: 1/1
   302 | D:1      | Gained mutation: You are partially covered in yellow
                  | scales. (AC +2) [demonic ancestry]
   302 | D:1      | Reached XP level 2. HP: 20/22 MP: 2/2
   889 | D:2      | Reached XP level 3. HP: 28/28 MP: 3/3
  1275 | D:3      | Found a burning altar of Makhleb.
  1293 | D:3      | Became a worshipper of Makhleb the Destroyer
  1606 | D:3      | Found an iron altar of Okawaru.
  1935 | D:3      | Found Pobejodi's Antique Weapon Shop.
  2098 | D:4      | Noticed Robin
  2213 | D:3      | Killed Robin
  2241 | D:4      | Gained mutation: You have sharp fingernails. [demonic
                  | ancestry]
  2241 | D:4      | Reached XP level 4. HP: 33/34 MP: 4/4
  2421 | D:4      | Reached skill level 1 in Invocations
  2628 | D:4      | HP: 1/34 [orc priest/nerve-wracking pain (12)]
  2629 | D:4      | Killed from afar by an orc priest

Illustrated notes

Levels and vault maps discovered:
D:1:      ncdulo_smallfort, layout_basic
D:2:      layout_basic, basic_altar, serial_bayou_pond_d, grunt_decor_resistance
D:3:      layout_basic, mainiacjoe_overflow_paths, okawaru_ov_weapons_minmay,
          serial_shops, nicolae_shop_waterfront
D:4:      layout_basic, uniq_blork_the_orc, uniq_robin, uniq_duvessa,
          uniq_crazy_yiuf_cottage

Skill      XL: |  1  2  3  4 |
---------------+-------------+-----
Long Blades    | 3 |  3.9
Dodging        | 3 |  3.3
Invocations    | 1 |  1.4
Fighting       | |  2.9
Throwing       | |  1.7

Action                     |  1- 3 |  4- 6 || total
---------------------------+-------+-------++-------
  Melee: Long sword        |   129 |    35 ||   164
   Stab: Sleeping          |     2 |       ||     2
 Armour: Leather armour    |    92 |    19 ||   111
  Dodge: Dodged            |    82 |    22 ||   104

Table legend: (Time is in decaauts)
 A = Elapsed time spent in this place.
 B = Non-inter-level travel time spent in this place.
 C = Inter-level travel time spent in this place.
 D = Time resting spent in this place.
 E = Time spent auto-exploring this place.
 F = Levels seen in this place.
 G = Mean time per level.
                   A        B        C        D        E       F      G
               +--------+--------+--------+--------+--------+-----+--------+
         Total |   2673 |   2569 |    104 |    109 |   2012 |   4 |  668.2 |
       Dungeon |   2673 |   2569 |    104 |    109 |   2012 |   4 |  668.2 |
               +--------+--------+--------+--------+--------+-----+--------+

Top non-repeatable levels by time:
     D:3: 1094 daAuts
     D:2: 727 daAuts
     D:1: 460 daAuts
     D:4: 391 daAuts
